 Dungeon Crawl Stone Soup version 0.31-a0-819-gf6de2f5ab6 (webtiles) character file.

Game seed: 1942754997398294570

963 croobank the Covert (level 8, -5/55 HPs)
             Began as an Octopode Delver on Sept 25, 2023.
             Was an Initiate of Hepliaklqana.
             Slain by Pikel
             ... wielding a +1 whip of freezing
              (6 damage)
             ... on level 5 of the Dungeon.
             The game lasted 00:14:04 (4034 turns).

croobank the Covert (Octopode Delver)               Turns: 4034, Time: 00:14:04

Health: -5/55      AC:  1    Str: 10    XL:     8   Next: 15%
Magic:  6/9        EV: 14    Int: 19    God:    Hepliaklqana [......]
Gold:   273        SH:  0    Dex: 12    Spells: 7/7 levels left

rFire   . . .        t - +0 dagger (vamp)
rCold   . . .        (no shield)
rNeg    . . .        (helmet restricted)
rPois   .            (no amulet)
rElec   .            (no ring)
rCorr   .            (no ring)
SInv    .            (no ring)
Will    .....        (no ring)
Stlth   +++++        (no ring)
HPRegen 0.29/turn    (no ring)
MPRegen 0.11/turn    (no ring)
                     (no ring)

%: no passive effects
@: weak-willed
A: almost no armour, amphibious, 8 rings, camouflage 1, gelatinous body 1,
(nimble swimmer 1), tentacles, clever 1
a: Renounce Religion


You were on level 5 of the Dungeon.
You worshipped Hepliaklqana.
Hepliaklqana was noncommittal.
You visited 2 branches of the dungeon, and saw 7 of its levels.

You collected 273 gold pieces.

Inventory:

Hand Weapons
 a - a +0 short sword
 b - a +0 dagger
 g - a +0 war axe
 i - a +1 antimagic falchion
 t - a +0 vampiric dagger (weapon)
Missiles
 j - 5 boomerangs (quivered)
Talismans
 h - a blade talisman
 o - a flux talisman
Wands
 f - a wand of digging (3)
Scrolls
 c - 2 scrolls of revelation
 l - a scroll of fog
 m - a scroll of vulnerability
Potions
 k - a potion of enlightenment
 r - a potion of brilliance


   Skills:
 + Level 5.3 Fighting
 + Level 4.8 Short Blades
 + Level 4.7 Dodging
 + Level 9.1 Stealth
 + Level 2.0 Invocations


You had 7 spell levels left.
You didn't know any spells.
Your spell library contained the following spells:

 Spells                   Type           Power      Damage    Failure   Level
 Sublimation of Blood     Necr           0%         N/A       30%         2
 Vampiric Draining        Necr           0%         2d6       52%         3
 Summon Lightning Spire   Summ/Air       0%         N/A       90%         4
 Borgnjor's Revivificati  Necr           0%         N/A       100%        8


Dungeon Overview and Level Annotations

Branches:
Dungeon (6/15)             Temple (1/1) D:4

Altars:
Ashenzari
Cheibriados
Dithmenos
Elyvilon
Fedhas
Gozag
Hepliaklqana
Makhleb
Qazlal
Ru
Wu Jian
Xom
Yredelemnul
Zin
The Shining One

Annotations:
D:5 Grinder, Pikel, Prince Ribbit


Innate Abilities, Weirdness & Mutations

You cannot wear most types of armour.
You are amphibious.
You can wear up to eight rings at the same time.
Your skin changes colour to match your surroundings (Stealth+).
Your rubbery body absorbs attacks. (AC +1, EV +1)
((You are camouflaged when in or above water. (Stealth+)))
You have tentacles for arms and can constrict up to eight enemies at once.
Your mind is acute. (Int +4, Str/Dex -1)


Message History

You feel forgetful for a moment.
As you read the scroll labelled TURHAI LEOMO, it crumbles to dust.
The creatures around you are filled with an inner flame!
It was a scroll of immolation.
Throw: 5 boomerangs
Press: ? - help, Q - select action Shift-Dir - straight line, f - Pikel
Aim: Pikel, wielding a +1 whip of freezing and wearing a +0 robe (inner flame, weak-willed, 47% to hit)
Okay, then.
Okay, then.
Throw: 5 boomerangs
Press: ? - help, Q - select action Shift-Dir - straight line, f - Pikel
Aim: Pikel, wielding a +1 whip of freezing and wearing a +0 robe (inner flame, weak-willed, 47% to hit)
You throw a boomerang. The boomerang barely misses Pikel.
The lemure completely misses you. The lemure hits you.
* * * LOW HITPOINT WARNING * * *
Pikel attacks as he pursues you! Pikel closely misses you.
You feel a little less clever now.
You see here a hound corpse.
You hit Pikel but do no damage. Your grab misses Pikel.
Pikel barely misses you.
Okay, then.
Unknown command.
You feel extremely strange.
You feel more energetic.
You feel less energetic.
You feel clever. Pikel completely misses you.
Okay, then.
You hit Pikel.
Flame seeps out of Pikel.
You feel better.
You grab Pikel.
Pikel is lightly wounded.
You constrict Pikel, but do no damage.
Pikel is engulfed in blazing flames.
Flame seeps out of Pikel.
Pikel hits you with a +1 whip of freezing!
* * * LOW HITPOINT WARNING * * *
Pikel freezes you.
* * * LOW HITPOINT WARNING * * *
You release your grip on Pikel.
Pikel is engulfed in blazing flames.
Flame seeps out of Pikel.
Pikel attacks as he pursues you!
Pikel hits you with a +1 whip of freezing.
You die...
Pikel says, "See you in Hell!"

### ...#
#####..#
#.K@...#
#○####.#.#
#5..5....?
#..###...
#..# #..#
#..# ...#
....#


You could see Pikel (inner flame, weak-willed).

Vanquished Creatures
  Menkaure (D:4)
  A water moccasin (D:5)
  A black bear (D:4)
  2 ogres
  A phantom (D:6)
  A bullfrog (D:4)
  A howler monkey (D:5)
  2 hounds (D:5)
  A jelly (D:6)
  An orc wizard (D:5)
  9 adders
  A river rat (D:4)
  A dart slug (D:1)
  13 orcs
  3 bats
  7 endoplasms
  A giant cockroach (D:1)
  4 goblins
  7 hobgoblins
  15 jackals
  2 quokkas
  7 ball pythons
  5 frilled lizards
  8 kobolds
  5 rats
100 creatures vanquished.

Notes
Turn   | Place    | Note
-------+----------+-------------------------------------------
     0 | D:5      | croobank the Octopode Delver began the quest for the Orb.
     0 | D:5      | Reached XP level 1. HP: 16/16 MP: 1/1
     1 | D:6      | Noticed a phantom
     1 | D:6      | Noticed a jelly
    12 | D:6      | Noticed a wight
    12 | D:6      | Noticed a wight
    13 | D:6      | Killed a phantom
    14 | D:6      | Reached skill level 7 in Stealth
    14 | D:6      | Reached XP level 2. HP: 11/21 MP: 2/2
    14 | D:6      | Reached XP level 3. HP: 14/26 MP: 3/3
    14 | D:6      | Reached XP level 4. HP: 17/31 MP: 4/4
    77 | D:6      | Noticed an ice beast
   410 | D:3      | Reached XP level 5. HP: 36/37 MP: 5/5
   590 | D:2      | Found a white marble altar of Elyvilon.
  1943 | D:3      | Reached XP level 6. HP: 29/43 MP: 6/6
  2022 | D:3      | Got a dog-eared book
  2107 | D:3      | Reached skill level 8 in Stealth
  2238 | D:3      | Found an ornate altar of the Wu Jian Council.
  3044 | D:4      | Reached XP level 7. HP: 49/49 MP: 7/7
  3183 | D:4      | Found a staircase to the Ecumenical Temple.
  3192 | Temple   | Entered the Ecumenical Temple
  3237 | Temple   | Became a worshipper of Hepliaklqana the Forgotten
  3361 | D:4      | Found an opulent altar of Gozag.
  3361 | D:4      | Noticed Menkaure
  3368 | D:4      | Killed Menkaure
  3369 | D:4      | Reached skill level 5 in Fighting
  3369 | D:4      | Reached skill level 1 in Invocations
  3927 | D:5      | Noticed Prince Ribbit
  3941 | D:5      | Reached skill level 9 in Stealth
  3942 | D:5      | Noticed Grinder
  3955 | D:5      | Reached XP level 8. HP: 28/55 MP: 3/9
  3975 | D:5      | Noticed Pikel
  3993 | D:5      | Paralysed by Grinder for 2 turns
  4032 | D:5      | Gained mutation: You have an increased reservoir of magic.
                  | (+10% MP) [potion of mutation]
  4032 | D:5      | Lost mutation: You have an increased reservoir of magic.
                  | (+10% MP) [potion of mutation]
  4032 | D:5      | Gained mutation: Your mind is acute. (Int +4, Str/Dex -1)
                  | [potion of mutation]
  4033 | D:5      | HP: 2/55 [Pikel/+1 whip of freezing (8)]
  4034 | D:5      | Slain by Pikel

Illustrated notes

Levels and vault maps discovered:
D:1:      dpeg_arrival_orchard, layout_basic
D:2:      layout_basic, basic_altar
D:3:      layout_basic, nzn_wu_jian_contemplation, kennysheep_cluttered_room,
          minmay_fractal_squares_5
D:4:      minmay_clustersquares, layout_loops_ring,
          mainiacjoe_overflow_alcove_4, lemuel_temple_firewalk_b,
          portal_sewer_entry_b, uniq_blork_the_orc, uniq_menkaure
D:5:      layout_loops_ring, uniq_grinder, uniq_prince_ribbit1, uniq_pikel
D:6:      layout_rooms, lemuel_doored_altar,
          nicolae_kikubaaqudgha_miasma_corner, nemelex_diamond_rough_becter
Temple:   dshaligram_water_room_temple

Skill      XL: |  1  2  3  4  5  6  7  8 |
---------------+-------------------------+-----
Stealth        | 7 8 9 |  9.1
Dodging        | 3 4 |  4.7
Short Blades   | 3 4 |  4.8
Fighting       | 4 5 |  5.3
Invocations    | 1 2 |  2.0

Action                     |  1- 3 |  4- 6 |  7- 9 || total
---------------------------+-------+-------+-------++-------
  Melee: Short sword       |     8 |   171 |    35 ||   214
         Tentacles         |     1 |    32 |    22 ||    55
         Constrict         |       |    35 |    15 ||    50
         Dagger            |       |       |    37 ||    37
         Falchion          |       |       |    14 ||    14
         Punch             |       |       |     4 ||     4
  Throw: Throwing net      |       |     2 |       ||     2
         Boomerang         |       |       |     8 ||     8
    Use: Scroll            |       |     4 |     7 ||    11
         Potion            |       |     1 |     7 ||     8
   Stab: Sleeping          |     1 |    31 |     3 ||    35
 Armour: Skin              |     3 |    59 |    54 ||   116
  Dodge: Dodged            |     3 |    99 |    39 ||   141

Table legend: (Time is in decaauts)
 A = Elapsed time spent in this place.
 B = Non-inter-level travel time spent in this place.
 C = Inter-level travel time spent in this place.
 D = Time resting spent in this place.
 E = Time spent auto-exploring this place.
 F = Levels seen in this place.
 G = Mean time per level.
                   A        B        C        D        E       F      G
               +--------+--------+--------+--------+--------+-----+--------+
         Total |   3983 |   3810 |    173 |    406 |   2485 |   7 |  569.0 |
       Dungeon |   3921 |   3764 |    157 |    406 |   2485 |   6 |  653.5 |
        Temple |     61 |     45 |     16 |      0 |      0 |   1 |   61.0 |
               +--------+--------+--------+--------+--------+-----+--------+

Top non-repeatable levels by time:
     D:3: 1056 daAuts
     D:4: 877 daAuts
     D:1: 672 daAuts
     D:5: 624 daAuts
     D:2: 604 daAuts
     D:6: 86 daAuts
  Temple: 61 daAuts
